 Dungeon Crawl Stone Soup version 0.28-a0-622-gbaef9634d7 (webtiles) character file.

Game seed: 8041569834736262356

22162 kae the Grappler (level 12, -15/129 HPs)
             Began as a Yellow Draconian Transmuter on Oct 7, 2021.
             Was a Believer of Ru.
             Demolished by a yak (37 damage)
             ... on level 2 of the Lair of Beasts.
             The game lasted 00:14:33 (16929 turns).

kae the Grappler (Yellow Draconian Transmuter)     Turns: 16929, Time: 00:14:33

Health: -15/129    AC:  8    Str: 19    XL:     12   Next: 60%
Magic:  17/17      EV: 12    Int: 18    God:    Ru [**....]
Gold:   614        SH:  0    Dex: 12    Spells: 10/18 levels left

rFire   x x .      SeeInvis .     - Unarmed
rCold   + + +      Faith    +   (shield currently unavailable)
rNeg    + + +      Spirit   .   (armour unavailable)
rPois   +          Reflect  .   (helmet currently unavailable)
rElec   .          Harm     .   (cloak currently unavailable)
rCorr   .          Rampage  .   (gloves currently unavailable)
Will    .....                   (boots currently unavailable)
Stlth   +.........              e - amulet of Propriety {Faith rPois rF- rN+++ Slay+5}
HPRegen 0.31/turn               g - +6 ring of strength
MPRegen 0.15/turn               (no ring)

@: ice-form, sleeping, slowed
A: freezing attack, amphibious, boosted hp, (spit acid), AC +8, large, unfitting
armour, (cold-blooded), hated by all, (acid resistance)
a: End Transformation, Renounce Religion


You were on level 2 of the Lair of Beasts.
You worshipped Ru.
Ru was pleased with you.
You were a creature of crystalline ice.
You visited 3 branches of the dungeon, and saw 13 of its levels.
You also visited: Ossuary.

You collected 614 gold pieces.

Inventory:

Armour
 j - a +2 cloak (melded)
Jewellery
 e - the amulet of Propriety (around neck) {Faith rPois rF- rN+++ Slay+5}
   (You acquired it on level 3 of the Dungeon)

   [amulet of faith]

   It allows you to gain divine favour quickly.
   Slay:      It affects your accuracy & damage with ranged weapons and melee
   (+5).
   rF:        It makes you vulnerable to fire.
   rPois:     It protects you from poison.
   rN:        It renders you almost immune to negative energy.
 g - a +6 ring of strength (left front paw)
 l - an amulet of reflection
 p - a ring of ice
 r - a +4 ring of protection
 w - a ring of poison resistance
 x - an amulet of faith
Wands
 h - a wand of flame (46)
 k - a wand of paralysis (21)
 n - a wand of polymorph (25)
 q - a wand of iceblast (29) (quivered)
Scrolls
 a - 2 scrolls of teleportation
 t - 3 scrolls of enchant weapon
 y - 2 scrolls of identify
Potions
 b - 4 potions of curing
 c - 2 potions of attraction
 d - 4 potions of flight
 f - 2 potions of degeneration
 i - 3 potions of cancellation
 m - 2 potions of berserk rage
 o - 4 potions of brilliance
 s - 2 potions of might
 u - 2 potions of haste
 v - a potion of magic


   Skills:
 + Level 10.6 Fighting
 + Level 6.3 Dodging
 * Level 13.8 Unarmed Combat
 + Level 3.5 Spellcasting
 + Level 9.8 Transmutations
 - Level 5.0 Ice Magic
 - Level 3.0 Poison Magic


You had 10 spell levels left.
You knew the following spells:

 Your Spells              Type           Power      Damage    Failure   Level
a - Beastly Appendage     Tmut           76%        N/A       1%          1
b - Spider Form           Tmut/Pois      13%        N/A       3%          3
c - Ice Form              Ice/Tmut       29%        N/A       8%          4

Your spell library contained the following spells:

 Spells                   Type           Power      Damage    Failure   Level
 Wereblood                Tmut           38%        N/A       1%          2
 Magic Dart               Conj           12%        1d3       16%         1
 Searing Ray              Conj           6%         2d4       24%         2
 Static Discharge         Conj/Air       3%         N/A       24%         2
 Dispel Undead            Necr           3%         3d7       83%         4
 Fulminant Prism          Conj/Hex       1%         3d6       83%         4
 Sticky Flame             Conj/Fire      3%         2d3       83%         4


Dungeon Overview and Level Annotations

Branches:
Dungeon (10/15)            Temple (1/1) D:6            Lair (2/6) D:9
    Orc (0/2) D:9         Ossuary (visited)
  Swamp: Lair:2-4    Shoals: Lair:2-4     Snake: Lair:2-4    Spider: Lair:2-4

Altars:
Ashenzari
Cheibriados
Dithmenos
Elyvilon
Fedhas
Gozag
Hepliaklqana
Kikubaaqudgha
Makhleb
Nemelex Xobeh
Okawaru
Qazlal
Ru
Sif Muna
Trog
Uskayaw
Vehumet
Wu Jian
Xom
Yredelemnul
Zin
The Shining One

Shops:
D:8 [

Annotations:
Lair:2 Sonja


Innate Abilities, Weirdness & Mutations

You are a creature of crystalline ice.
You have a powerful freezing melee attack.
You are amphibious.
Your maximum health is increased.
Your armour is entirely melded.
You are incapable of wielding weapons or throwing items.
((You can spit globs of acid.))
((Your golden yellow scales are hard. (AC +8)))
You cannot fit into any form of body armour.
((You are cold-blooded and may be slowed by cold attacks.))
You are hated by all.
((You are resistant to acid. (rCorr)))


Message History

You partially resist.
A dream sheep comes into view.
The dream sheep bleats!
You see here a wolf corpse.
You hit the dream sheep. You freeze the dream sheep.
The dream sheep is lightly wounded.
The dream sheep misses you.
The dream sheep are wreathed in dream dust.
You feel drowsy...
You fall asleep.
Sonja mumbles some strange words.
Sonja blinks!
The dream sheep is stunned by your conviction and fails to attack.
The dream sheep bites you!!
You wake up.
A yak comes into view.
Unknown command.
As you read the scroll of teleportation, it crumbles to dust.
You feel strangely unstable.
Sonja throws a curare-tipped dart.
The curare-tipped dart hits you.
You have difficulty breathing.
* * * LOW HITPOINT WARNING * * *
You feel yourself slow down.
You focus your inner power and illuminate Sonja in retribution!
The dream sheep bites you but does no damage.
The dream sheep barely misses you.
Sonja zaps a wand.
The mass of ice explodes!
The iceblast engulfs you! You partially resist.
* * * LOW HITPOINT WARNING * * *
You hear a bellow! x3
You redirect Sonja's attack!
The dream sheep bites you but does no damage.
The dream sheep barely misses you.
Your surroundings suddenly seem different. 5 yaks come into view.
The yak bellows! x2
The yak gores you but does no damage.
The dream sheep shake their wool and sparkle.
You feel drowsy...
You fall asleep.
Sonja throws a curare-tipped dart.
The curare-tipped dart closely misses you.
The yak gores you!!!
You die...

.##.## .....# .#..###
#.....# #....## ......##
##.....## ##......##
#)..(...## ##..?....P##
#........## #..P.......#
.#P....÷..###...........
####.......#............
##....<†.....Y..Y....
##....†.Y...YYY.....
#....YY..KY.Y.......
###..YY...........#.
#.#.#.#........##
#######.........#
...........#
##.........## ...


You could see 6 yaks, Sonja (corona) and 5 dream sheep.

Vanquished Creatures
  Gastronok (Lair:2)
  4 hydras
  4 two-headed ogres
  An ugly thing (D:7)
  Joseph (Lair:1)
  Psyche (D:9)
  A rime drake (Lair:2)
  4 komodo dragons
  3 trolls
  A dream sheep (Lair:2)
  A meliai zombie (D:10)
  9 blink frogs (Lair:1)
  13 yaks
  2 wraiths
  A shadow (D:9)
  4 wyverns
  2 steam dragons (D:8)
  4 vampire mosquitoes
  2 acid dragons
  4 water moccasins
  2 orc warriors
  4 sky beasts
  2 black bears
  2 hornet zombies (D:7)
  2 necrophages
  2 ogres
  4 centaurs
  15 wolves
  5 phantoms
  5 kobold brigands
  11 bullfrogs
  A gnoll sergeant (D:7)
  14 scorpions
  2 wyvern zombies (D:7)
  A water moccasin zombie (D:5)
  4 killer bees
  2 electric eels (D:8)
  4 crimson imps (D:8)
  2 howler monkeys
  5 centaur zombies
  3 human zombies (Ossuary)
  3 jellies
  2 hounds (D:7)
  2 bullfrog skeletons
  8 orc priests
  An iguana (D:7)
  Terence (D:2)
  10 orc wizards
  3 scorpion zombies (Ossuary)
  2 hound skeletons (D:4)
  3 mummies (Ossuary)
  A howler monkey zombie (D:7)
  4 adders
  2 howler monkey skeletons
  A shadow imp (D:7)
  4 white imps (D:8)
  3 ufetubi
  A dart slug (D:2)
  18 orcs
  8 ball pythons
  4 bats
  5 endoplasms
  A giant cockroach (D:4)
  9 goblins
  5 hobgoblins
  6 jackals
  21 kobolds
  A quokka (D:4)
  4 frilled lizards
  3 goblin zombies (Ossuary)
  3 hobgoblin zombies (Ossuary)
  3 kobold zombies (Ossuary)
  3 orc zombies (Ossuary)
  5 rats
  A spectral kobold (D:7)
306 creatures vanquished.

Vanquished Creatures (others)
  A crimson imp (D:8)
  An orc wizard (D:7)
  An orc (D:9)
  A kobold (D:9)
  7 fungi (Lair:1)
  11 plants (Lair:1)
22 creatures vanquished.

Grand Total: 328 creatures vanquished

Notes
Turn   | Place    | Note
-------+----------+-------------------------------------------
     0 | D:1      | kae the Draconian Transmuter began the quest for the Orb.
     0 | D:1      | Reached XP level 1. HP: 16/16 MP: 3/3
   259 | D:1      | Reached XP level 2. HP: 23/23 MP: 3/5
   409 | D:1      | Found a faded altar of an unknown god.
   841 | D:2      | Reached XP level 3. HP: 21/29 MP: 4/6
   845 | D:2      | Learned a level 3 spell: Spider Form
  1388 | D:2      | Noticed Terence
  1399 | D:2      | Killed Terence
  1400 | D:2      | Reached skill level 4 in Unarmed Combat
  1400 | D:2      | Reached skill level 1 in Poison Magic
  1400 | D:2      | Reached XP level 4. HP: 22/36 MP: 3/7
  2134 | D:3      | Identified a scroll of acquirement
  2134 | D:3      | Acquired the amulet of Propriety {Faith rPois rF- rN+++
                  | Slay+5}
  2193 | D:3      | HP: 1/37 [jackal (2)]
  2194 | D:3      | Reached XP level 5. HP: 1/42 MP: 5/8
  3074 | D:4      | Noticed a necrophage
  3081 | D:4      | Killed a necrophage
  3082 | D:4      | Reached XP level 6. HP: 48/51 MP: 5/9
  3091 | D:4      | Learned a level 4 spell: Ice Form
  3195 | D:4      | Noticed a wyvern
  3207 | D:4      | Killed a wyvern
  3208 | D:4      | Reached skill level 5 in Unarmed Combat
  3208 | D:4      | Reached skill level 1 in Ice Magic
  3423 | D:4      | Your scales start taking on a golden yellow colour.
  3423 | D:4      | Reached XP level 7. HP: 40/57 MP: 7/10
  3423 | D:4      | Gained mutation: You are resistant to acid. (rCorr) [Yellow
                  | Draconian growth]
  4279 | D:5      | Entered Level 5 of the Dungeon
  4279 | D:5      | Noticed a troll
  4290 | D:5      | Killed a troll
  4291 | D:5      | Reached skill level 6 in Unarmed Combat
  4614 | D:5      | Reached XP level 8. HP: 66/66 MP: 7/11
  5066 | D:5      | HP: 3/67 [something (3)]
  5723 | D:5      | Found a burning altar of Makhleb.
  5732 | D:5      | Found an opulent altar of Gozag.
  5900 | D:6      | Reached skill level 7 in Unarmed Combat
  5900 | D:6      | Reached skill level 5 in Ice Magic
  5941 | D:6      | Found a staircase to the Ecumenical Temple.
  5957 | Temple   | Entered the Ecumenical Temple
  6071 | Temple   | Became a worshipper of Ru the Awakened
  6169 | D:6      | Reached skill level 5 in Fighting
  6349 | D:6      | Reached skill level 5 in Transmutations
  7067 | D:7      | Reached XP level 9. HP: 63/74 MP: 9/12
  7072 | D:7      | Reached skill level 8 in Unarmed Combat
  7290 | D:7      | Reached skill level 9 in Unarmed Combat
  7662 | D:7      | Gained mutation: You are hated by all. [Ru sacrifice]
  7662 | D:7      | Reached * piety under Ru
  7662 | D:7      | Reached ** piety under Ru
  7671 | D:7      | Found a sand-covered staircase.
  7676 | Ossuary  | Entered an ossuary
  8354 | Ossuary  | Reached XP level 10. HP: 86/86 MP: 13/13
  8760 | D:7      | Reached skill level 10 in Unarmed Combat
  9151 | D:7      | Noticed a two-headed ogre
  9166 | D:7      | Killed a two-headed ogre
  9455 | D:7      | Noticed a cyan ugly thing
  9588 | D:7      | Reached skill level 11 in Unarmed Combat
  9680 | D:7      | Killed a cyan ugly thing
  9682 | D:7      | Identified the +1 chain mail "Epod" {Fly Int+2}
  9685 | D:7      | Identified the +7 morningstar "kae's Regret" {vorpal,
                  | *Corrode rC++ Dex+2}
 10355 | D:8      | Found Okoec's Armour Emporium.
 10439 | D:8      | Found a white marble altar of Elyvilon.
 10624 | D:8      | Reached XP level 11. HP: 86/95 MP: 14/14
 11317 | D:9      | Noticed a two-headed ogre
 11324 | D:9      | Killed a two-headed ogre
 11360 | D:9      | Noticed a two-headed ogre
 11368 | D:9      | Killed a two-headed ogre
 11592 | D:9      | Reached skill level 12 in Unarmed Combat
 11976 | D:9      | Found an ornate altar of the Wu Jian Council.
 12117 | D:9      | Noticed Psyche
 12124 | D:9      | Killed Psyche
 12213 | D:9      | Found a staircase to the Lair.
 12410 | D:9      | Found a staircase to the Orcish Mines.
 12455 | D:10     | Entered Level 10 of the Dungeon
 12739 | D:10     | Noticed a two-headed ogre
 12749 | D:10     | Killed a two-headed ogre
 13338 | D:10     | Reached skill level 5 in Dodging
 14021 | Lair:1   | Entered Level 1 of the Lair of Beasts
 14040 | Lair:1   | Noticed an eight-headed hydra
 14055 | Lair:1   | Killed an eight-headed hydra
 14577 | Lair:1   | Reached XP level 12. HP: 101/106 MP: 7/15
 14580 | Lair:1   | Reached skill level 13 in Unarmed Combat
 14584 | Lair:1   | Reached skill level 10 in Fighting
 14644 | Lair:1   | HP: 4/106 [wyvern (12)]
 14650 | Lair:1   | HP: 1/106 [wolf (6)]
 14715 | Lair:1   | Noticed Joseph
 14716 | Lair:1   | HP: 3/106 [Joseph/sling bullet (5)]
 15249 | Lair:1   | Killed Joseph
 15674 | Lair:1   | Noticed a seven-headed hydra
 15685 | Lair:1   | Killed a seven-headed hydra
 16361 | Lair:2   | Noticed Gastronok
 16394 | Lair:2   | Killed Gastronok
 16450 | Lair:2   | Noticed an eight-headed hydra
 16456 | Lair:2   | Killed an eight-headed hydra
 16664 | Lair:2   | Noticed an eight-headed hydra
 16674 | Lair:2   | Killed an eight-headed hydra
 16923 | Lair:2   | Noticed Sonja
 16929 | Lair:2   | Demolished by a yak

Illustrated notes

Levels and vault maps discovered:
D:1:      dpeg_arrival_boxes_within_box, layout_basic,
          ebering_ecumenical_altar_abandoned
D:2:      layout_basic, uniq_terence
D:3:      layout_loops_cross
D:4:      minmay_general_purpose_star, layout_basic, serial_rivers,
          chequers_serial_rivers_room_a, chequers_serial_rivers_marsh,
          chequers_serial_rivers_micro_e, chequers_serial_rivers_room_b,
          chequers_serial_rivers_micro_c
D:5:      layout_gridville, mainiacjoe_overflow_swirl
D:6:      layout_basic, minmay_temple_entry_hall
D:7:      minmay_the_grid_octo_2x2 [minmay_the_grid_octo_focus,
          minmay_the_grid_octo_fan_narrow, minmay_the_grid_octo_concentric,
          minmay_the_grid_octo_prize_star], layout_layer_cave,
          nicolae_hepliaklqana_monster_ancestors, enter_ossuary_2, st_stairs_5,
          grunt_decor_clamped
D:8:      layout_cave_pools, elyvilon_altar_5, serial_shops, shop_fountains,
          minivault_14, glass_columns_b, minmay_nine_imps
D:9:      layout_irregular_city, nicolae_overflow_hidden_temple,
          lair_entry_dummy, orc_0_dummy, chequers_garden, uniq_psyche
D:10:     layout_layer_cave, general_overflow_altar
Temple:   minmay_temple_bridge_d
Lair:1:   layout_misc_corridors, st_stairs_7, grunt_forest_stairs_basic,
          uniq_joseph
Lair:2:   layout_hall_layers, maelrawn_ghost_gauntlet_escape, uniq_nergalle,
          uniq_gastronok, uniq_sonja

Skill      XL: |  1  2  3  4  5  6  7  8  9 10 11 12 |
---------------+-------------------------------------+-----
Fighting       | 2 3 4 5 7 8 9 10 | 10.6
Unarmed Combat | 4 5 6 7 9 11 12 13 | 13.8
Poison Magic   | 1 2 3 |  3.0
Transmutations | 3 4 5 6 8 9 |  9.8
Ice Magic      | 2 3 5 |  5.0
Dodging        | 3 5 6 |  6.3
Spellcasting   | 3 |  3.5

Action                   |  1- 3 |  4- 6 |  7- 9 | 10-12 || total
-------------------------+-------+-------+-------+-------++-------
Melee: Unarmed           |    87 |    72 |   214 |   381 ||   754
       Kick              |    12 |     3 |       |       ||    15
       Headbutt          |     4 |     1 |       |       ||     5
       Tailslap          |    11 |     3 |     2 |     1 ||    17
       Punch             |       |       |     1 |     4 ||     5
 Cast: Beastly Appendage |    21 |     9 |     1 |       ||    31
       Spider Form       |     1 |     4 |    25 |     1 ||    31
       Ice Form          |       |       |    11 |    48 ||    59
Invok: Sacrifice Love    |       |       |     1 |       ||     1
       Reject Sacrifices |       |       |       |     1 ||     1
 Abil: Breathe Acid      |       |       |     1 |     2 ||     3
  Use: Scroll            |       |     6 |     4 |    17 ||    27
       Potion            |       |     1 |     1 |     4 ||     6
 Stab: Sleeping          |       |       |     1 |       ||     1
       Invisible         |       |       |       |     2 ||     2
       Distracted        |       |       |       |     1 ||     1
Armor: Skin              |    25 |    16 |    45 |   126 ||   212
Dodge: Dodged            |    57 |    58 |   126 |   222 ||   463

Table legend: (Time is in decaauts)
 A = Elapsed time spent in this place.
 B = Non-inter-level travel time spent in this place.
 C = Inter-level travel time spent in this place.
 D = Time resting spent in this place.
 E = Time spent auto-exploring this place.
 F = Levels seen in this place.
 G = Mean time per level.
                   A        B        C        D        E       F      G
               +--------+--------+--------+--------+--------+-----+--------+
         Total |  16829 |  16308 |    521 |   1830 |  12469 |  14 | 1202.1 |
       Dungeon |  12961 |  12576 |    385 |   1067 |   9974 |  10 | 1296.1 |
        Temple |    185 |     92 |     93 |      0 |     82 |   1 |  185.0 |
          Lair |   2877 |   2835 |     42 |    705 |   1829 |   2 | 1438.5 |
       Ossuary |    804 |    804 |      0 |     58 |    584 |   1 |  804.0 |
               +--------+--------+--------+--------+--------+-----+--------+

Top non-repeatable levels by time:
     D:7: 2468 daAuts
  Lair:1: 2132 daAuts
     D:4: 1591 daAuts
    D:10: 1540 daAuts
     D:5: 1433 daAuts
     D:2: 1209 daAuts
     D:9: 1189 daAuts
     D:6: 970 daAuts
     D:8: 921 daAuts
     D:3: 879 daAuts
 Ossuary: 804 daAuts
     D:1: 759 daAuts
  Lair:2: 744 daAuts
  Temple: 185 daAuts
